 Dungeon Crawl Stone Soup version 0.28-a0-1002-gf00fe891ef (webtiles) character file.

Game seed: 16323603487865829938

18 ytrimaz the Insei (level 2, -4/18 HPs)
             Began as an Octopode Transmuter on Dec 6, 2021.
             Was a Follower of Vehumet.
             Slain by a gnoll (10 damage)
             ... on level 2 of the Dungeon.
             The game lasted 00:00:43 (913 turns).

ytrimaz the Insei (Octopode Transmuter)              Turns: 913, Time: 00:00:43

Health: -4/18      AC:  1    Str:  9    XL:     2   Next: 70%
Magic:  5/5        EV: 13    Int: 15    God:    Vehumet [*.....]
Gold:   18         SH:  0    Dex: 12    Spells: 4/5 levels left

rFire   . . .      SeeInvis .     - Unarmed
rCold   . . .      Faith    .   (no shield)
rNeg    . . .      Spirit   .   (helmet restricted)
rPois   .          Reflect  .   (no amulet)
rElec   .          Harm     .   (no ring)
rCorr   .          Rampage  .   (no ring)
Will    .....                   (no ring)
Stlth   ++........              (no ring)
HPRegen 0.06/turn               (no ring)
MPRegen 0.09/turn               (no ring)
                                (no ring)
                                (no ring)

@: no status effects
A: almost no armour, amphibious, 8 rings, camouflage 1, gelatinous body 1,
(nimble swimmer 1), tentacles
a: Renounce Religion


You were on level 2 of the Dungeon.
You worshipped Vehumet.
Vehumet was aware of your devotion.
You visited 1 branch of the dungeon, and saw 2 of its levels.

You collected 18 gold pieces.

Inventory:

Potions
 a - a potion of mutation {unknown}


   Skills:
 * Level 1.3 Fighting
 - Level 2.0 Dodging
 + Level 3.3 Unarmed Combat
 * Level 2.2 Spellcasting
 * Level 2.2 Transmutations


You had 4 spell levels left.
You knew the following spells:

 Your Spells              Type           Power      Damage    Failure   Level
a - Beastly Appendage     Tmut           16%        N/A       9%          1

Your spell library contained the following spells:

 Spells                   Type           Power      Damage    Failure   Level
 Foxfire                  Conj/Fire      4%         2x1d4     22%         1
 Wereblood                Tmut           8%         N/A       13%         2
 Spider Form              Tmut/Pois      5%         N/A       38%         3
 Ice Form                 Ice/Tmut       5%         N/A       80%         4


Dungeon Overview and Level Annotations

Branches:
Dungeon (1/15)

Altars:
Vehumet


Innate Abilities, Weirdness & Mutations

You cannot wear most types of armour.
You are amphibious.
You can wear up to eight rings at the same time.
Your skin changes colour to match your surroundings (Stealth+).
Your rubbery body absorbs attacks. (AC +1, EV +1)
((You are camouflaged near water. (Stealth+)))
You have tentacles for arms and can constrict up to eight enemies at once.


Message History

The kobold hits you with a +0 dagger.
You tentacle-slap the kobold but do no damage.
You grab the kobold. You squeeze the kobold.
You kill the kobold!
Vehumet accepts your kill.
Things that are here:
a +0 dagger; a kobold corpse
Found 17 sling bullets.
You see here 17 sling bullets.
Found 22 stones.
Found 24 stones.
A sudden malevolence fills the Dungeon...
You fall into a shaft and drop 1 floor!
The shaft crumbles and collapses. 3 gnolls come into view.
The gnoll shouts! x3
There are monsters nearby!
There are monsters nearby!
You tentacle-slap the gnoll but do no damage.
You grab the gnoll. You constrict the gnoll.
Unknown command.
You tentacle-slap the gnoll.
You squeeze the gnoll, but do no damage.
The gnoll is moderately wounded.
You constrict the gnoll. The gnoll barely misses you.
The gnoll hits you with a +0 whip. The gnoll barely misses you.
You tentacle-slap the gnoll.
The gnoll is severely wounded.
You constrict the gnoll. The gnoll hits you but does no damage.
The gnoll barely misses you.
The gnoll hits you from afar with a +0 spear.
You tentacle-slap the gnoll.
The gnoll is almost dead.
You constrict the gnoll.
You kill the gnoll!
Vehumet accepts your kill. The gnoll hits you with a +0 whip!
The gnoll hits you from afar with a +0 spear!
Ouch! That really hurt!
You die...

########
#...)@g#
#.......#
#......g#
#.......#
#........
#.......#.
#.......#.
#.......#
#


You could see 2 gnolls.

Vanquished Creatures
  A gnoll (D:2)
  2 ball pythons (D:1)
  3 bats (D:1)
  2 endoplasms (D:1)
  A giant cockroach (D:1)
  3 goblins (D:1)
  A frilled lizard (D:1)
  3 kobolds (D:1)
  A rat (D:1)
17 creatures vanquished.

Notes
Turn   | Place    | Note
-------+----------+-------------------------------------------
     0 | D:1      | ytrimaz the Octopode Transmuter began the quest for the
                  | Orb.
     0 | D:1      | Reached XP level 1. HP: 13/13 MP: 3/3
   414 | D:1      | Reached XP level 2. HP: 11/18 MP: 5/5
   587 | D:1      | Found a faded altar of an unknown god.
   595 | D:1      | Prayed at the altar of an unknown god.
   595 | D:1      | Became a worshipper of Vehumet
   595 | D:1      | Reached * piety under Vehumet
   595 | D:1      | Offered knowledge of Foxfire by Vehumet.
   909 | D:1      | You fall into a shaft and drop 1 floor!
   913 | D:2      | Slain by a gnoll

Illustrated notes

Levels and vault maps discovered:
D:1:      dpeg_arrival_castle, layout_loops_ring,
          hellmonk_ecumenical_altar_zigzags
D:2:      layout_loops_corners, corexii_hall_statues_i, uniq_terence

Action                   || total
-------------------------++-------
Melee: Unarmed           ||    40
       Constrict         ||     8
       Tentacles         ||     6
       Punch             ||     1
       Kick              ||     2
 Cast: Beastly Appendage ||     8
 Stab: Sleeping          ||     3
Armor: Skin              ||     8
Dodge: Dodged            ||    21

Table legend: (Time is in decaauts)
 A = Elapsed time spent in this place.
 B = Non-inter-level travel time spent in this place.
 C = Inter-level travel time spent in this place.
 D = Time resting spent in this place.
 E = Time spent auto-exploring this place.
 F = Levels seen in this place.
 G = Mean time per level.
                   A        B        C        D        E       F      G
               +--------+--------+--------+--------+--------+-----+--------+
         Total |    910 |    910 |      0 |      0 |    784 |   2 |  455.0 |
       Dungeon |    910 |    910 |      0 |      0 |    784 |   2 |  455.0 |
               +--------+--------+--------+--------+--------+-----+--------+

Top non-repeatable levels by time:
     D:1: 906 daAuts
     D:2: 3 daAuts
